 Dungeon Crawl Stone Soup version 0.30-a0-1043-g60ff8d5f49 (webtiles) character file.

Game seed: 7085624650400882053

246 Elsrick the Gusty (level 5, -5/41 HPs)
             Began as a Draconian Air Elementalist on Apr 11, 2023.
             Slain by an ogre
             ... wielding a +0 giant club
              (16 damage)
             ... on level 3 of the Dungeon.
             The game lasted 00:16:08 (4025 turns).

Elsrick the Gusty (Draconian Air Elementalist)      Turns: 4025, Time: 00:16:09

Health: -5/41      AC:  6    Str: 11    XL:     5   Next: 84%
Magic:  5/8        EV: 12    Int: 17    God:
Gold:   202        SH:  0    Dex: 11    Spells: 6/9 levels left

rFire   . . .      SeeInvis .    s - +3 mace (protect)
rCold   . . .      Faith    .    (no shield)
rNeg    . . .      Spirit   .    (body armour unavailable)
rPois   .          Reflect  .    (helmet restricted)
rElec   .          Rampage  .    (no cloak)
rCorr   .                        j - +0 pair of gloves
Will    .....                    (no boots)
Stlth   ++                       (no amulet)
HPRegen 0.26/turn                (no ring)
MPRegen 0.11/turn                (no ring)

@: no status effects
A: AC +5, unfitting armour, cold-blooded
a: no special abilities


You were on level 3 of the Dungeon.
You visited 1 branch of the dungeon, and saw 4 of its levels.

You collected 202 gold pieces.

Inventory:

Hand Weapons
 d - a +0 short sword
 s - a +3 mace of protection (weapon)
Armour
 j - a +0 pair of gloves (worn)
Jewellery
 r - an amulet of the acrobat
Wands
 q - a wand of charming (10)
Scrolls
 e - a scroll of silence {unknown}
 g - 2 scrolls of noise
 h - 2 scrolls of fear {unknown}
 i - a scroll of amnesia
 k - a scroll of teleportation {unknown}
 l - 2 scrolls of torment
 m - a scroll of vulnerability {unknown}
 n - 2 scrolls of identify {unknown}
 o - 2 scrolls of immolation
 w - 2 scrolls of poison {unknown}
 x - a scroll of brand weapon {unknown}
Potions
 a - 2 potions of magic
 b - 2 potions of degeneration {unknown}
 c - a potion of curing {unknown}
 f - 2 potions of berserk rage {unknown}
 p - a potion of ambrosia {unknown}
 t - a potion of flight {unknown}
 u - a potion of heal wounds {unknown}
 v - a potion of haste {unknown}


   Skills:
 + Level 1.6 Fighting
 + Level 2.1 Short Blades
 + Level 2.2 Maces & Flails
 + Level 2.6 Dodging
 + Level 2.1 Stealth
 + Level 0.2 Unarmed Combat
 + Level 2.6 Spellcasting
 + Level 1.5 Conjurations
 + Level 3.8 Air Magic


You had 6 spell levels left.
You knew the following spells:

 Your Spells              Type           Power      Damage    Failure   Level
a - Shock                 Conj/Air       44%        1d5       6%          1
b - Poisonous Vapours     Pois/Air       16%        N/A       12%         2

Your spell library contained the following spells:

 Spells                   Type           Power      Damage    Failure   Level
 Static Discharge         Conj/Air       22%        2-3/arc   9%          2
 Swiftness                Air            15%        N/A       12%         3
 Beastly Appendage        Tmut           4%         N/A       19%         1
 Sting                    Tmut/Pois      8%         1d3       19%         1
 Wereblood                Tmut           2%         N/A       28%         2
 Airstrike                Air            7%         2d(2-18)  36%         4
 Spider Form              Tmut/Pois      2%         N/A       47%         3
 Olgreb's Toxic Radiance  Pois           2%         N/A       87%         4


Dungeon Overview and Level Annotations

Branches:
Dungeon (4/15)             Temple (0/1) D:4

Altars:
Zin

Shops:
D:2 *


Innate Abilities, Weirdness & Mutations

Your plain brown scales are hard. (AC +5)
You cannot fit into any form of body armour.
You are cold-blooded and may be slowed by cold attacks.


Message History

There is a stone staircase leading up, spattered with blood here.
There is a stone staircase leading up, spattered with blood here.
Casting: Shock (safe; 6% risk of failure)
Confirm with . or Enter, or press ? or * to list all spells.
Aiming: Poisonous Vapours (safe; 12% risk of failure)
Press: ? - help, Dir - move target, f - ogre
Aim: an ogre, wielding a +0 giant club Poisonous vapours surround the ogre!
The ogre is poisoned.
The ogre closely misses you.
You climb upwards.
There is a stone staircase leading down, spattered with blood here.
The ogre attacks as you move away! The ogre hits you with a +0 giant club!
The ogre looks more healthy.
Sorry, you're not good enough to have a special ability.
Casting: Poisonous Vapours (safe; 12% risk of failure)
Confirm with . or Enter, or press ? or * to list all spells.
Aiming: Poisonous Vapours (safe; 12% risk of failure)
Press: ? - help, Dir - move target, f - ogre
Aim: an ogre, wielding a +0 giant club (lightly wounded) Poisonous vapours surround the ogre!
The ogre is poisoned.
The ogre attacks as you move away! The ogre misses you.
The ogre attacks as you move away! The ogre hits you with a +0 giant club!
Casting: Poisonous Vapours (safe; 12% risk of failure)
Confirm with . or Enter, or press ? or * to list all spells.
Aiming: Poisonous Vapours (safe; 12% risk of failure)
Press: ? - help, Dir - move target, f/p - ogre
Aim: an ogre, wielding a +0 giant club (lightly wounded) Poisonous vapours surround the ogre!
The ogre is poisoned.
The ogre attacks as you move away!
The ogre hits you with a +0 giant club!!
* * * LOW HITPOINT WARNING * * *
Casting: Poisonous Vapours (safe; 12% risk of failure)
Confirm with . or Enter, or press ? or * to list all spells.
Aiming: Shock (safe; 6% risk of failure)
Press: ? - help, Shift-Dir - straight line, f/p - ogre
Aim: an ogre, wielding a +0 giant club (moderately wounded, poisoned, 85% to hit)
The zap hits the ogre.
The ogre is moderately wounded.
The ogre hits you with a +0 giant club!
You die...

#.# #.# #.# #. #.#
##O###.# #. #.#
###.#.##.# ## #>#
##..###.#.######### #
#.# #....#............#
# ..#
#..##.#.###.......# #
#####..###............#
#
#...........###O......#
#
#.###..###.#.###@.....#
# #.#
#..##.###.##.##.###
######## #.# #..#.##
##.#)##...# #....)..
#.# #...## ##..####.#
#.###### #.# ##.#.##
##.#### #.# #.# #.#
#....###.....# #.# #.#
#.######.#.#.####.# #.#
#.### ....# #.##.## #.#
#.# #.#<## ###.# #.####
#.# #.# #..#.##


You could see an ogre (poisoned).

Vanquished Creatures
  A scorpion (D:3)
  An orc priest (D:3)
  A sleepcap (D:3)
  An iguana (D:3)
  3 adders
  A worm (D:3)
  A dart slug (D:1)
  2 orcs (D:3)
  7 endoplasms
  2 giant cockroaches
  11 goblins
  8 hobgoblins
  3 jackals (D:1)
  2 quokkas
  5 ball pythons
  5 bats
  9 frilled lizards
  6 kobolds
  4 rats
73 creatures vanquished.

Notes
Turn   | Place    | Note
-------+----------+-------------------------------------------
     0 | D:1      | Elsrick the Draconian Air Elementalist began the quest for
                  | the Orb.
     0 | D:1      | Reached XP level 1. HP: 14/14 MP: 3/3
   331 | D:1      | Reached XP level 2. HP: 20/20 MP: 3/5
   698 | D:1      | Found a faded altar of an unknown god.
  1345 | D:2      | Reached XP level 3. HP: 25/26 MP: 6/6
  1454 | D:2      | Found Hidifij's Assorted Antiques.
  2599 | D:3      | Learned a level 2 spell: Poisonous Vapours
  2615 | D:3      | Reached XP level 4. HP: 34/34 MP: 4/7
  2669 | D:3      | Found a glowing silver altar of Zin.
  2780 | D:3      | Reached skill level 1 in Short Blades
  3108 | D:3      | Reached skill level 1 in Fighting
  3544 | D:4      | Found a staircase to the Ecumenical Temple.
  3673 | D:4      | Noticed an ogre
  3719 | D:3      | Reached skill level 1 in Maces & Flails
  3719 | D:3      | Reached XP level 5. HP: 37/40 MP: 8/8
  4025 | D:3      | Slain by an ogre

Illustrated notes

Levels and vault maps discovered:
D:1:      minmay_arrival_checkered_box, layout_basic,
          shapermc_ecumenical_altar_hornbeckon, minivault_25
D:2:      layout_loops_corners, serial_shops, nicolae_shop_advertising_works
          [nicolae_subvault_shop_adworks]
D:3:      layout_loops_ring, lemuel_crystal_altar, minmay_misc_feat_tiny
D:4:      layout_cave_pools, minmay_temple_entry_fiery,
          chequers_serial_rivers_marsh

Skill      XL: |  1  2  3  4  5 |
---------------+----------------+-----
Dodging        | 2 |  2.6
Short Blades   | 1 2 |  2.1
Fighting       | 1 |  1.6
Stealth        | 2 |  2.1
Maces & Flails | 1 2 |  2.2
Unarmed Combat | |  0.2
Spellcasting   | |  2.6
Conjurations   | |  1.5
Air Magic      | |  3.8

Action                     |  1- 3 |  4- 6 || total
---------------------------+-------+-------++-------
  Melee: Unarmed           |    19 |       ||    19
         Short sword       |   152 |    72 ||   224
         Tailslap          |    15 |     7 ||    22
         Punch             |     2 |       ||     2
         Mace              |       |    46 ||    46
   Cast: Shock             |    21 |    10 ||    31
         Poisonous Vapours |     1 |     6 ||     7
    Use: Scroll            |     4 |       ||     4
   Stab: Sleeping          |     2 |     2 ||     4
 Armour: Skin              |    72 |    53 ||   125
  Dodge: Dodged            |   118 |    71 ||   189

Table legend: (Time is in decaauts)
 A = Elapsed time spent in this place.
 B = Non-inter-level travel time spent in this place.
 C = Inter-level travel time spent in this place.
 D = Time resting spent in this place.
 E = Time spent auto-exploring this place.
 F = Levels seen in this place.
 G = Mean time per level.
                   A        B        C        D        E       F      G
               +--------+--------+--------+--------+--------+-----+--------+
         Total |   4054 |   3887 |    167 |    711 |   2070 |   4 | 1013.5 |
       Dungeon |   4054 |   3887 |    167 |    711 |   2070 |   4 | 1013.5 |
               +--------+--------+--------+--------+--------+-----+--------+

Top non-repeatable levels by time:
     D:3: 1402 daAuts
     D:1: 1318 daAuts
     D:2: 1227 daAuts
     D:4: 106 daAuts
